% Time on Ice - REGINA FALCONS
Lines # - Real PCT - Wanted PCT - Time Play
Normal Forward
1 - 33% - 34% - 18:05
2 - 33% - 33% - 17:53
3 - 26% - 27% - 14:10
4 - 8% - 6% - 4:39
Normal Defense
1 - 34% - 35% - 18:22
2 - 34% - 33% - 18:37
3 - 27% - 26% - 14:50
4 - 5% - 6% - 2:58
PP Forward
1 - 65% - 55% - 3:22
2 - 35% - 45% - 1:51
PP Defense
1 - 50% - 55% - 2:38
2 - 50% - 45% - 2:35
PK Forward
1 - 0% - 55%
2 - 0% - 45%
PK Defense
1 - 0% - 55%
2 - 0% - 45%
PK3 Forward
1 - 0% - 55%
2 - 0% - 45%
PK3 Defense
1 - 0% - 55%
2 - 0% - 45%
44 Forward
1 - 100% - 55% - 0:44
2 - 0% - 45% - 0:00
44 Defense
1 - 100% - 55% - 0:44
2 - 0% - 45% - 0:00
Last Minute Offensive  - 0:00
Last Minute Defensive  - 0:00
Total
Forward - 60:44
Defense - 60:44
% Time on Ice - COLORADO GLACIERCATS
Lines # - Real PCT - Wanted PCT - Time Play
Normal Forward
1 - 34% - 38% - 18:50
2 - 33% - 37% - 18:17
3 - 21% - 20% - 11:42
4 - 11% - 5% - 5:58
Normal Defense
1 - 35% - 40% - 19:23
2 - 35% - 35% - 19:05
3 - 30% - 25% - 16:19
4 - 0% - 0% - 0:00
PP Forward
1 - 0% - 50%
2 - 0% - 50%
PP Defense
1 - 0% - 50%
2 - 0% - 50%
PK Forward
1 - 47% - 50% - 2:26
2 - 53% - 50% - 2:47
PK Defense
1 - 50% - 40% - 2:38
2 - 50% - 60% - 2:35
PK3 Forward
1 - 48% - 50% - 0:21
2 - 52% - 50% - 0:23
PK3 Defense
1 - 48% - 50% - 0:21
2 - 52% - 50% - 0:23
44 Forward
1 - 0% - 50%
2 - 0% - 50%
44 Defense
1 - 0% - 50%
2 - 0% - 50%
Last Minute Offensive  - 0:00
Last Minute Defensive  - 0:00
Total
Forward - 60:44
Defense - 60:44
Play-by-Play 1st period 0:01 of 1st period - Tomas Hertl wins face-off versus Mikael Backlund in neutral zone. 0:16 of 1st period - Shot by Tomas Hertl. 0:16 of 1st period - Shot Misses the Net. 0:18 of 1st period - Shot by Tomas Hertl. 0:18 of 1st period - Stopped by Anton Khudobin without a rebound. 0:19 of 1st period - Brayden Schenn wins face-off versus Ryan Getzlaf in REGINA FALCONS zone. 0:22 of 1st period - Shot by Brayden Schenn. 0:22 of 1st period - Stopped by Anton Khudobin without a rebound. 0:23 of 1st period - Derick Brassard wins face-off versus Scott Laughton in REGINA FALCONS zone. 0:33 of 1st period - Icing by Joonas Donskoi. 0:34 of 1st period - Scott Laughton wins face-off versus Jonathan Audy-Marchessault in COLORADO GLACIERCATS zone. 2:02 of 1st period - Shot by Derick Brassard. 2:02 of 1st period - Stopped by Darcy Kuemper without a rebound. 2:03 of 1st period - Mikael Backlund wins face-off versus Zach Aston-Reese in COLORADO GLACIERCATS zone. 2:10 of 1st period - Shot by David Pastrnak. 2:10 of 1st period - Deflect By Jonathan Miller. 2:10 of 1st period - Stopped by Darcy Kuemper without a rebound. 2:11 of 1st period - Tomas Hertl wins face-off versus Mikael Backlund in COLORADO GLACIERCATS zone. 2:29 of 1st period - Icing by Zach Aston-Reese. 2:30 of 1st period - Derick Brassard wins face-off versus Tomas Hertl in COLORADO GLACIERCATS zone. 3:01 of 1st period - Shot by Derick Brassard. 3:01 of 1st period - Shot Misses the Net. 3:21 of 1st period - Shot by David Pastrnak. 3:21 of 1st period - Shot Misses the Net. 3:23 of 1st period - Shot by David Pastrnak. 3:23 of 1st period - Stopped by Darcy Kuemper without a rebound. 3:24 of 1st period - Brayden Schenn wins face-off versus Mikael Backlund in COLORADO GLACIERCATS zone. 3:39 of 1st period - Shot by Brayden Schenn. 3:39 of 1st period - Shot Blocked by Marc-Edouard Vlasic. 4:47 of 1st period - Shot by Max Pacioretty. 4:47 of 1st period - Shot Misses the Net. 4:55 of 1st period - Shot by Max Pacioretty. 4:55 of 1st period - Goal by Max Pacioretty - REGINA FALCONS : 1 - COLORADO GLACIERCATS : 0. 4:56 of 1st period - Christoffer Ehn wins face-off versus Cole Bardreau in neutral zone. 6:56 of 1st period - Shot by Joonas Donskoi. 6:56 of 1st period - Shot Blocked by Ryan Getzlaf. 7:20 of 1st period - Shot by Max Pacioretty. 7:20 of 1st period - Stopped by Darcy Kuemper with a rebound. 7:22 of 1st period - Shot by Ivan Provorov. 7:22 of 1st period - Shot Misses the Net. 7:35 of 1st period - Off-side. 7:36 of 1st period - Derick Brassard wins face-off versus Brayden Schenn in neutral zone. 7:47 of 1st period - Shot by Derick Brassard. 7:47 of 1st period - Stopped by Darcy Kuemper with a rebound. 7:57 of 1st period - Shot by Corey Perry. 7:57 of 1st period - Shot Misses the Net. 7:59 of 1st period - Shot by Derick Brassard. 7:59 of 1st period - Shot Misses the Net. 8:29 of 1st period - Shot by Max Pacioretty. 8:29 of 1st period - Stopped by Darcy Kuemper without a rebound. 8:30 of 1st period - Tomas Hertl wins face-off versus Mikael Backlund in COLORADO GLACIERCATS zone. 8:42 of 1st period - Icing by Ryan Ellis. 8:43 of 1st period - Tomas Hertl wins face-off versus Ryan Getzlaf in COLORADO GLACIERCATS zone. 8:43 of 1st period - Tomas Hertl is hit by Ryan Getzlaf. 8:54 of 1st period - Icing by Brenden Dillon. 8:55 of 1st period - Ryan Getzlaf wins face-off versus Scott Laughton in REGINA FALCONS zone. 9:18 of 1st period - Shot by Max Pacioretty. 9:18 of 1st period - Shot Blocked by Ryan Ellis. 9:20 of 1st period - Shot by Brenden Dillon. 9:20 of 1st period - Shot Misses the Net. 9:22 of 1st period - Shot by Ryan Getzlaf. 9:22 of 1st period - Stopped by Darcy Kuemper without a rebound. 9:23 of 1st period - Derick Brassard wins face-off versus Tomas Hertl in COLORADO GLACIERCATS zone. 10:28 of 1st period - Shot by David Pastrnak. 10:28 of 1st period - Shot Misses the Net. 10:30 of 1st period - Shot by Ivan Provorov. 10:30 of 1st period - Shot Misses the Net. 10:46 of 1st period - Shot by David Pastrnak. 10:46 of 1st period - Stopped by Darcy Kuemper with a rebound. 10:56 of 1st period - Jonathan Miller is hit by Zach Aston-Reese and loses puck. 11:42 of 1st period - Shot by Alex Iafallo. 11:42 of 1st period - Shot Misses the Net. 11:44 of 1st period - Shot by Luke Glendening. 11:44 of 1st period - Stopped by Anton Khudobin with a rebound. 11:55 of 1st period - Off-side. 11:56 of 1st period - Derick Brassard wins face-off versus Scott Laughton in neutral zone. 12:37 of 1st period - Shot by Joonas Donskoi. 12:37 of 1st period - Deflect By Dustin Brown. 12:37 of 1st period - Stopped by Anton Khudobin without a rebound. 12:38 of 1st period - Luke Glendening wins face-off versus Mikael Backlund in REGINA FALCONS zone. 12:49 of 1st period - Shot by Alex Iafallo. 12:49 of 1st period - Deflect By Brayden Schenn. 12:49 of 1st period - Stopped by Anton Khudobin without a rebound. 12:50 of 1st period - Cole Bardreau wins face-off versus Ryan Getzlaf in REGINA FALCONS zone. 13:28 of 1st period - Shot by Max Pacioretty. 13:28 of 1st period - Goal by Max Pacioretty - REGINA FALCONS : 2 - COLORADO GLACIERCATS : 0. 13:29 of 1st period - Mikael Backlund wins face-off versus Brayden Schenn in neutral zone. 13:42 of 1st period - Shot by David Pastrnak. 13:42 of 1st period - Shot Blocked by Zach Bogosian. 13:44 of 1st period - Shot by Brandon Carlo. 13:44 of 1st period - Stopped by Darcy Kuemper with a rebound. 14:00 of 1st period - Shot by Jonathan Miller. 14:00 of 1st period - Shot Misses the Net. 14:02 of 1st period - Shot by Jonathan Miller. 14:02 of 1st period - Shot Blocked by Luke Glendening. 14:04 of 1st period - Shot by Mikael Backlund. 14:04 of 1st period - Stopped by Darcy Kuemper with a rebound. 14:25 of 1st period - Brayden Schenn is hit by Ivan Provorov and loses puck. 14:33 of 1st period - Icing by Ivan Provorov. 14:34 of 1st period - Derick Brassard wins face-off versus Scott Laughton in REGINA FALCONS zone. 14:34 of 1st period - Derick Brassard is hit by Scott Laughton. 15:11 of 1st period - Joonas Donskoi is hit by Anton Stralman. 15:17 of 1st period - Shot by Scott Laughton. 15:17 of 1st period - Stopped by Anton Khudobin without a rebound. 15:18 of 1st period - Tomas Hertl wins face-off versus Ryan Getzlaf in REGINA FALCONS zone. 15:21 of 1st period - Shot by Leon Draisaitl. 15:21 of 1st period - Stopped by Anton Khudobin without a rebound. 15:22 of 1st period - Tomas Hertl wins face-off versus Ryan Getzlaf in REGINA FALCONS zone. 15:39 of 1st period - Shot by Tomas Hertl. 15:39 of 1st period - Stopped by Anton Khudobin without a rebound. 15:40 of 1st period - Mikael Backlund wins face-off versus Brayden Schenn in REGINA FALCONS zone. 16:18 of 1st period - Off-side. 16:19 of 1st period - Christoffer Ehn wins face-off versus Tomas Hertl in neutral zone. 16:28 of 1st period - Anton Stralman is hit by Zach Aston-Reese and loses puck. 16:55 of 1st period - Shot by Tomas Hertl. 16:55 of 1st period - Shot Misses the Net. 16:59 of 1st period - Shot by Leon Draisaitl. 16:59 of 1st period - Stopped by Anton Khudobin without a rebound. 17:00 of 1st period - Brayden Schenn wins face-off versus Ryan Getzlaf in REGINA FALCONS zone. 17:13 of 1st period - Shot by Luke Glendening. 17:13 of 1st period - Stopped by Anton Khudobin with a rebound. 17:41 of 1st period - Shot by Alex Iafallo. 17:41 of 1st period - Shot Misses the Net. 17:57 of 1st period - Shot by Dustin Brown. 17:57 of 1st period - Shot Blocked by Brandon Carlo. 17:59 of 1st period - Shot by Joel Edmundson. 17:59 of 1st period - Shot Blocked by Brandon Carlo. 18:01 of 1st period - Shot by Ryan Ellis. 18:01 of 1st period - Deflect By Dustin Brown. 18:01 of 1st period - Shot Misses the Net. 18:03 of 1st period - Shot by Joel Edmundson. 18:03 of 1st period - Shot Misses the Net. 18:05 of 1st period - Shot by Scott Laughton. 18:05 of 1st period - Stopped by Anton Khudobin without a rebound. 18:06 of 1st period - Tomas Hertl wins face-off versus Derick Brassard in REGINA FALCONS zone. 19:08 of 1st period - Icing by Derick Brassard. 19:09 of 1st period - Derick Brassard wins face-off versus Brayden Schenn in REGINA FALCONS zone. 19:43 of 1st period - Shot by Alex Iafallo. 19:43 of 1st period - Shot Blocked by Jonathan Miller. Goals for this period are 2 for REGINA FALCONS vs 0 for COLORADO GLACIERCATS. Shots for this period are 12 for REGINA FALCONS vs 11 for COLORADO GLACIERCATS. 2nd period 0:01 of 2nd period - Mikael Backlund wins face-off versus Tomas Hertl in neutral zone. 0:20 of 2nd period - Shot by David Pastrnak. 0:20 of 2nd period - Stopped by Darcy Kuemper without a rebound. 0:21 of 2nd period - Ryan Getzlaf wins face-off versus Brayden Schenn in COLORADO GLACIERCATS zone. 0:45 of 2nd period - Luke Glendening is hit by Jonathan Audy-Marchessault and loses puck. 1:07 of 2nd period - Shot by Ryan Getzlaf. 1:07 of 2nd period - Stopped by Darcy Kuemper without a rebound. 1:08 of 2nd period - Tomas Hertl wins face-off versus Mikael Backlund in COLORADO GLACIERCATS zone. 1:47 of 2nd period - Shot by Leon Draisaitl. 1:47 of 2nd period - Shot Misses the Net. 2:10 of 2nd period - Off-side. 2:11 of 2nd period - Brayden Schenn wins face-off versus Derick Brassard in neutral zone. 3:08 of 2nd period - Ivan Provorov is hit by Scott Laughton and loses puck. 4:05 of 2nd period - Shot by Leon Draisaitl. 4:05 of 2nd period - Shot Misses the Net. 4:27 of 2nd period - Icing by Anton Stralman. 4:28 of 2nd period - Ryan Getzlaf wins face-off versus Cole Bardreau in REGINA FALCONS zone. 4:48 of 2nd period - Minor Penalty to Ross Johnston for Interference. 4:49 of 2nd period - Scott Laughton wins face-off versus Mikael Backlund in COLORADO GLACIERCATS zone. 4:49 of 2nd period - Scott Laughton is hit by Jonathan Miller. 5:13 of 2nd period - Shot by Jonathan Miller. 5:13 of 2nd period - Stopped by Darcy Kuemper without a rebound. 5:14 of 2nd period - Luke Glendening wins face-off versus Mikael Backlund in COLORADO GLACIERCATS zone. 5:58 of 2nd period - Icing by Ivan Provorov. 5:59 of 2nd period - Ryan Getzlaf wins face-off versus Luke Glendening in REGINA FALCONS zone. 6:47 of 2nd period - Shot by Joonas Donskoi. 6:47 of 2nd period - Shot Misses the Net. 6:53 of 2nd period - Shot by Derick Brassard. 6:53 of 2nd period - Stopped by Darcy Kuemper without a rebound. 6:54 of 2nd period - Sam Gagner wins face-off versus Derick Brassard in COLORADO GLACIERCATS zone. 6:54 of 2nd period - Sam Gagner is hit by Denis Malgin. 7:48 of 2nd period - Brent Burns is hit by Ross Johnston and loses puck. 7:55 of 2nd period - Ilya Lyubushkin is hit by Mikael Backlund and loses puck. 8:34 of 2nd period - Icing by Zach Bogosian. 8:35 of 2nd period - Christoffer Ehn wins face-off versus Cole Bardreau in COLORADO GLACIERCATS zone. 9:29 of 2nd period - Shot by Ryan Getzlaf. 9:29 of 2nd period - Stopped by Darcy Kuemper with a rebound. 9:31 of 2nd period - Shot by Ryan Getzlaf. 9:31 of 2nd period - Shot Misses the Net. 9:49 of 2nd period - Shot by Jonathan Audy-Marchessault. 9:49 of 2nd period - Stopped by Darcy Kuemper with a rebound. 10:04 of 2nd period - Minor Penalty to Zach Aston-Reese for Tripping. 10:05 of 2nd period - Luke Glendening wins face-off versus Mikael Backlund in COLORADO GLACIERCATS zone. 10:05 of 2nd period - Luke Glendening is hit by Jonathan Miller. 10:17 of 2nd period - Scott Laughton is hit by David Pastrnak and loses puck. 10:24 of 2nd period - Shot by Brent Burns. 10:24 of 2nd period - Stopped by Darcy Kuemper without a rebound. 10:25 of 2nd period - Scott Laughton wins face-off versus Mikael Backlund in COLORADO GLACIERCATS zone. 11:24 of 2nd period - Shot by Ryan Getzlaf. 11:24 of 2nd period - Stopped by Darcy Kuemper without a rebound. 11:25 of 2nd period - Ryan Getzlaf wins face-off versus Luke Glendening in COLORADO GLACIERCATS zone. 11:36 of 2nd period - Shot by Jonathan Audy-Marchessault. 11:36 of 2nd period - Stopped by Darcy Kuemper without a rebound. 11:37 of 2nd period - Jonathan Audy-Marchessault wins face-off versus Joonas Donskoi in COLORADO GLACIERCATS zone. 11:47 of 2nd period - Off-side. 11:48 of 2nd period - Jonathan Audy-Marchessault wins face-off versus Luke Glendening in neutral zone. 11:53 of 2nd period - Shot by Ivan Provorov. 11:53 of 2nd period - Stopped by Darcy Kuemper with a rebound. 12:15 of 2nd period - Sho